 Dungeon Crawl Stone Soup version 0.31.0-12-g77e489cdc1 (webtiles) character file.

Game seed: 11175533680846118857

373 Gadfly the Insei (level 6, 0/47 HPs)
             Began as a Demonspawn Monk on Feb 12, 2024.
             Slain by an ice beast (14 damage)
             ... on level 5 of the Dungeon.
             The game lasted 00:05:56 (3309 turns).

Gadfly the Insei (Demonspawn Monk)                  Turns: 3309, Time: 00:05:57

Health: 0/47       AC:  3    Str: 19    XL:     6   Next: 43%
Magic:  6/6        EV: 13    Int: 10    God:
Gold:   223        SH:  0    Dex: 18    Spells: 5/5 levels left

rFire   . .          .
                       - Unarmed
rCold   . . .        (no shield)
rNeg    . . .        a - +0 robe
rPois   .            (no helmet)
rElec   .            (no cloak)
rCorr   .            (no gloves)
SInv    +            d - +0 pair of boots
Will    .....        e - amulet of regeneration
Stlth   +++          f - ring of see invisible
HPRegen 1.07/turn    m - +6 ring of strength
MPRegen 0.10/turn

%: no passive effects
@: no status effects
A: thin skeletal structure 1, ignite blood 1, demonic touch 1
a: no special abilities


You were on level 5 of the Dungeon.
You visited 1 branch of the dungeon, and saw 5 of its levels.

You collected 223 gold pieces.

Inventory:

Hand Weapons
 k - a +3 heavy flail
 r - a +0 long sword
Armour
 a - a +0 robe (worn)
 c - an orb of light
 d - a +0 pair of boots (worn)
Jewellery
 e - an amulet of regeneration (around neck)
 f - a ring of see invisible (left hand)
 m - a +6 ring of strength (right hand)
Wands
 n - a wand of mindburst (2)
Potions
 b - a potion of ambrosia
 h - 2 potions of curing
 i - 2 potions of might
 j - a potion of attraction
 l - a potion of berserk rage
 o - 2 potions of heal wounds


   Skills:
 + Level 3.1 Fighting
 + Level 3.6 Dodging
 + Level 4.2 Unarmed Combat
 + Level 3.1 Evocations
 * Level 2.5 Shapeshifting


You had 5 spell levels left.
You didn't know any spells.
Your spell library was empty.

Dungeon Overview and Level Annotations

Branches:
Dungeon (5/15)
 Temple: D:4-7

Altars:
Cheibriados
Fedhas
Okawaru
Trog


Innate Abilities, Weirdness & Mutations

You have a somewhat thin skeletal structure. (Dex +2, Stealth+)
Your demonic aura sometimes causes spilled blood to erupt in flames.
Your touch may inflict minor irresistible damage on your foes.


Message History

You are too injured to fight recklessly!
You are too injured to fight recklessly!
You are too injured to fight recklessly!
You are too injured to fight recklessly!
You are too injured to fight recklessly!
You are too injured to fight recklessly!
You are too injured to fight recklessly!
You are too injured to fight recklessly!
You are too injured to fight recklessly!
You are too injured to fight recklessly!
You are too injured to fight recklessly!
You are too injured to fight recklessly!
You are too injured to fight recklessly!
You are too injured to fight recklessly!
Unknown command.
You are too injured to fight recklessly!
Unknown command.
You are too injured to fight recklessly!
You are too injured to fight recklessly!
You barely miss the ice beast. Your touch misses the ice beast.
The ice beast is moderately wounded.
The ice beast closely misses you. The ice beast completely misses you.
The ice beast closely misses you.
The ice beast hits you but does no damage.
You barely miss the ice beast. The ice beast completely misses you.
The ice beast barely misses you.
You closely miss the ice beast.
You touch the ice beast!
The ice beast is moderately wounded.
The ice beast closely misses you. The ice beast hits you.
The ice beast freezes you!
* * * LOW HITPOINT WARNING * * *
You hit the ice beast.
You touch the ice beast.
The ice beast is almost dead.
The ice beast misses you. The ice beast closely misses you.
You hit the ice beast but do no damage.
The ice beast is almost dead.
The ice beast hits you.
* * * LOW HITPOINT WARNING * * *
The ice beast freezes you!
You die...

..... ..# .#(# . ..
..# ... #.# #.#
#... #..##.## #...
#..#..###..#
#######.#..†#..###.
......#............
..._...@<.....#.##.
...8..oYY.........
..._...........(...
.......##.##....##.
.#..... ........<.
##.###............
#. #.#.........# #
#.#....#...#
..###.......


You could see 2 ice beasts and an orc.

Vanquished Creatures
  A sky beast (D:4)
  A hound (D:4)
  2 iguanas (D:4)
  An orc wizard (D:3)
  7 adders
  3 ribbon worms
  A dart slug (D:3)
  10 orcs
  8 ball pythons
  5 bats
  5 endoplasms
  5 giant cockroaches
  9 goblins
  9 hobgoblins
  4 quokkas
  5 frilled lizards
  8 kobolds
  7 rats
91 creatures vanquished.

Notes
Turn   | Place    | Note
-------+----------+-------------------------------------------
     0 | D:1      | Gadfly the Demonspawn Monk began the quest for the Orb.
     0 | D:1      | Reached XP level 1. HP: 18/18 MP: 1/1
    98 | D:1      | Gained mutation: Your touch may inflict minor irresistible
                  | damage on your foes. [demonic ancestry]
    98 | D:1      | Reached XP level 2. HP: 16/24 MP: 2/2
   203 | D:1      | Reached skill level 1 in Evocations
   212 | D:1      | Reached skill level 3 in Unarmed Combat
   655 | D:1      | Reached XP level 3. HP: 25/29 MP: 3/3
   817 | D:2      | Reached skill level 1 in Shapeshifting
  1125 | D:2      | Gained mutation: Your demonic aura sometimes causes spilled
                  | blood to erupt in flames. [demonic ancestry]
  1125 | D:2      | Reached XP level 4. HP: 23/35 MP: 4/4
  1692 | D:3      | Gained mutation: You have a somewhat thin skeletal
                  | structure. (Dex +2, Stealth+) [demonic ancestry]
  1692 | D:3      | Reached XP level 5. HP: 40/41 MP: 5/5
  1789 | D:3      | Found an iron altar of Okawaru.
  2584 | D:4      | Found a snail-covered altar of Cheibriados.
  2584 | D:4      | Noticed a sky beast
  2603 | D:4      | Killed a sky beast
  2604 | D:4      | Reached skill level 4 in Unarmed Combat
  2604 | D:4      | Reached XP level 6. HP: 40/47 MP: 6/6
  3282 | D:5      | Entered Level 5 of the Dungeon
  3282 | D:5      | Noticed an ice beast
  3282 | D:5      | Found a blossoming altar of Fedhas.
  3282 | D:5      | Found a bloodstained altar of Trog.
  3296 | D:5      | Noticed an ice beast
  3309 | D:5      | Slain by an ice beast

Illustrated notes

Levels and vault maps discovered:
D:1:      matt_arrival_refuge, layout_basic
D:2:      layout_loops_ring, corexii_corridor_pit, corexii_leaking_fountain
D:3:      layout_loops_ring, lemuel_round_altar,
          mainiacjoe_overflow_cross_hatched
D:4:      minmay_opposing_rooms, layout_loops_ring, old_standard_altar,
          serial_co_window_serial, co_window_paths_b,
          co_window_of_opportunity_a, co_window_of_opportunity_a,
          co_window_of_opportunity_a, co_window_paths_a,
          co_window_unsneaky_path_b, co_window_2corner,
          co_window_of_opportunity_b, co_window_corner_b,
          co_window_of_opportunity_c, co_window_unsneaky_path_e,
          glass_columns_a, grunt_ministairs_10
D:5:      layout_rooms, chequers_temple_overflow_statue_of_worship

Skill      XL: |  1  2  3  4  5 |
---------------+----------------+-----
Evocations     | 1 2 3 |  3.1
Unarmed Combat | 3 4 |  4.2
Shapeshifting  | 1 2 |  2.5
Dodging        | 3 |  3.6
Fighting       | |  3.1

Action                     |  1- 3 |  4- 6 || total
---------------------------+-------+-------++-------
  Melee: Unarmed           |   144 |   128 ||   272
         Touch             |       |    27 ||    27
    Use: Scroll            |     3 |     7 ||    10
   Stab: Sleeping          |       |     8 ||     8
         Distracted        |       |     1 ||     1
 Armour: Robe              |    72 |    58 ||   130
  Dodge: Dodged            |    93 |    97 ||   190
